Selects Airborne Battlegroup
Construct Weapon Support Center
Selects Paratrooper Squad Paradrop
Paratrooper Squad Paradrop
Paratrooper Squad Paradrop
Construct Medical Station
Mechanized Support Center
Selects Anti-tank Gun Team Paradrop
Selects Paradrop Reinforcements
M4A1(76) Sherman Medium Tank
M4A1(76) Sherman Medium Tank
Designate Forward Repair Station
Selects Carpet Bombing Run
Paratrooper Squad Paradrop
Anti-tank Gun Team Paradrop
Paratrooper Squad Paradrop
M4A1(76) Sherman Medium Tank
Improved M9 Bazooka Rockets
M4A1(76) Sherman Medium Tank
Anti-tank Gun Team Paradrop
M4A1(76) Sherman Medium Tank
M4A1(76) Sherman Medium Tank